 Dungeon Crawl Stone Soup version 0.30-a0-137-gd8773701ce (webtiles) character file.

Game seed: 7934266503943206946

78 KennySheep the Sneak (level 3, -1/29 HPs)
             Began as a Demigod Brigand on Sept 24, 2022.
             Slain by a gnoll
             ... wielding a +0 whip
              (6 damage)
             ... on level 3 of the Dungeon.
             The game lasted 00:04:15 (2611 turns).

KennySheep the Sneak (Demigod Brigand)              Turns: 2611, Time: 00:04:15

Health: -1/29      AC:  5    Str: 12    XL:     3   Next: 94%
Magic:  5/5        EV: 12    Int: 13    God:
Gold:   78         SH:  0    Dex: 19    Spells: 2/2 levels left

rFire   . . .      SeeInvis .    a - +2 dagger
rCold   . . .      Faith    .    (no shield)
rNeg    . . .      Spirit   .    b - +0 robe
rPois   .          Reflect  .    (no helmet)
rElec   .          Harm     .    c - +0 cloak
rCorr   .          Rampage  .    n - +1 pair of gloves
Will    .....                    (no boots)
Stlth   +++.......               (no amulet)
HPRegen 0.09/turn                (no ring)
MPRegen 0.09/turn                (no ring)

@: no status effects
A: high MP 1, forlorn, divine attributes
a: no special abilities


You were on level 3 of the Dungeon.
You visited 1 branch of the dungeon, and saw 3 of its levels.

You collected 78 gold pieces.

Inventory:

Hand Weapons
 a - a +2 dagger (weapon)
Missiles
 d - 12 poisoned darts (quivered)
 e - 5 curare-tipped darts
Armour
 b - a +0 robe (worn)
 c - a +0 cloak (worn)
 n - a +1 pair of gloves (worn)
Scrolls
 h - a scroll of amnesia
 i - 4 scrolls of identify
 j - a scroll of fear {unknown}
 m - 2 scrolls of vulnerability
 o - 3 scrolls of enchant armour
 p - a scroll of blinking {unknown}
Potions
 f - a potion of resistance {unknown}
 g - 2 potions of heal wounds {unknown}
 k - 3 potions of lignification {unknown}
 l - a potion of berserk rage {unknown}
 q - a potion of invisibility {unknown}
 r - a potion of flight {unknown}


   Skills:
 + Level 2.3 Fighting
 * Level 2.7 Short Blades
 - Level 1.7 Throwing
 + Level 1.6 Dodging
 * Level 4.2 Stealth


You had 2 spell levels left.
You didn't know any spells.
Your spell library was empty.

Dungeon Overview and Level Annotations

Branches:
Dungeon (3/15)


Innate Abilities, Weirdness & Mutations

You have an increased reservoir of magic. (+10% MP)
You shall have no god before yourself.
Your divine heritage dramatically boosts your attributes as you level up.


Message History

The gnoll hits you with a +0 whip.
The gnoll hits you from afar with a +0 spear.
You hit the gnoll.
The gnoll is heavily wounded.
The gnoll misses you. The gnoll closely misses you.
You closely miss the gnoll.
The gnoll is heavily wounded.
The gnoll hits you with a +0 whip. The gnoll barely misses you.
You completely miss the gnoll.
The gnoll is heavily wounded.
You barely miss the gnoll.
The gnoll is heavily wounded.
The gnoll misses you.
The gnoll hits you from afar with a +0 spear.
The gnoll attacks as you move away! The gnoll hits you but does no damage.
The gnoll attacks as you move away! The gnoll hits you with a +0 whip.
The gnoll attacks as you move away! The gnoll hits you with a +0 whip.
There is an escape hatch in the floor here.
The gnoll misses you.
The gnoll hits you from afar with a +0 spear.
* * * LOW HITPOINT WARNING * * *
You slide downwards.
The hatch slams shut behind you.
Found 3 boomerangs.
You completely miss the gnoll.
The gnoll is heavily wounded.
The gnoll barely misses you.
You barely miss the gnoll.
The gnoll is heavily wounded.
The gnoll barely misses you.
You hit the gnoll.
The gnoll is heavily wounded.
The gnoll closely misses you.
You hit the gnoll.
The gnoll is severely wounded.
The gnoll hits you with a +0 whip.
* * * LOW HITPOINT WARNING * * *
You hit the gnoll.
The gnoll is almost dead.
The gnoll hits you with a +0 whip.
You die...

###
#..
#.#
###.#
#...#
#...#
#..@#
#.g.#
###.#
#.#
#.#
#.#
#.#
#(#


You could see a gnoll.

Vanquished Creatures
  4 adders (D:2)
  A worm (D:2)
  2 dart slugs
  5 endoplasms
  A giant cockroach (D:2)
  2 hobgoblins (D:1)
  6 jackals
  3 kobolds (D:1)
  2 quokkas
  2 ball pythons
  3 bats
  2 frilled lizards (D:1)
  2 rats (D:2)
35 creatures vanquished.

Notes
Turn   | Place    | Note
-------+----------+-------------------------------------------
     0 | D:1      | KennySheep the Demigod Brigand began the quest for the Orb.
     0 | D:1      | Reached XP level 1. HP: 17/17 MP: 3/3
   325 | D:1      | Reached skill level 1 in Dodging
   693 | D:1      | Reached XP level 2. HP: 24/24 MP: 4/4
  1352 | D:2      | Reached skill level 4 in Stealth
  1547 | D:2      | Reached XP level 3. HP: 28/29 MP: 5/5
  2611 | D:3      | Slain by a gnoll

Illustrated notes

Levels and vault maps discovered:
D:1:      lightli_arrival_boilingwater, layout_basic
D:2:      layout_basic, nrook_uturn, mrwooster_statue_mirror
D:3:      layout_basic, shapermc_ecumenical_altar_mp_ritualfount,
          guppyfry_early_orc_mine, uniq_natasha, uniq_ijyb

Skill      XL: |  1  2 |
---------------+-------+-----
Dodging        | 1 |  1.6
Short Blades   | 2 |  2.7
Fighting       | 2 |  2.3
Stealth        | 4 |  4.2
Throwing       | |  1.7

Action                   || total
-------------------------++-------
Melee: Dagger            ||   157
Throw: Dart              ||     3
  Use: Scroll            ||     3
 Stab: Sleeping          ||     8
Armor: Robe              ||    43
Dodge: Dodged            ||    99

Table legend: (Time is in decaauts)
 A = Elapsed time spent in this place.
 B = Non-inter-level travel time spent in this place.
 C = Inter-level travel time spent in this place.
 D = Time resting spent in this place.
 E = Time spent auto-exploring this place.
 F = Levels seen in this place.
 G = Mean time per level.
                   A        B        C        D        E       F      G
               +--------+--------+--------+--------+--------+-----+--------+
         Total |   2596 |   2582 |     14 |    550 |   1685 |   3 |  865.3 |
       Dungeon |   2596 |   2582 |     14 |    550 |   1685 |   3 |  865.3 |
               +--------+--------+--------+--------+--------+-----+--------+

Top non-repeatable levels by time:
     D:2: 1370 daAuts
     D:1: 1222 daAuts
     D:3: 4 daAuts
